 Dungeon Crawl Stone Soup version 0.25.1-2-g60ff931df9 (webtiles) character file.

Game seed: 1100607183228225426

5597 Exodus22XD the Archer (level 10, -1/86 HPs)
             Began as a Centaur Hunter on Nov 7, 2020.
             Slain by a basilisk (3 damage)
             ... while petrified by a basilisk
             ... on level 10 of the Dungeon.
             The game lasted 00:23:31 (11658 turns).

Exodus22XD the Archer (Centaur Hunter)             Turns: 11658, Time: 00:23:31

Health: -1/86      AC:  9    Str: 17    XL:     10   Next: 45%
Magic:  0/10       EV:  1    Int: 10    God:
Gold:   394        SH:  0    Dex: 17    Spells: 9/9 levels left

rFire    . . .     SeeInvis +   F - +0 whip of Pain and Death {vorpal, rElec Dex+6}
rCold    . . .     Gourm    .   (no shield)
rNeg     + + +     Faith    .   m - +0 chain mail {rPois}
rPois    ∞         Spirit   +   (no helmet)
rElec    +         Reflect  .   (no cloak)
rCorr    +         Harm     .   (no gloves)
MR       .....                  (no barding)
Stlth    ..........             h - amulet of guardian spirit
HPRegen  0.24/turn              x - ring of see invisible
MPRegen  0.12/turn              u - ring of resist corrosion

@: petrified, very quick
A: large, hooves 3, deformed body, speed 2, tough skin 3
a: no special abilities


You were on level 10 of the Dungeon.
You were not hungry.

You visited 1 branch of the dungeon, and saw 8 of its levels.

You collected 394 gold pieces.

Inventory:

Hand Weapons
 a - a +1 shortbow
 w - a +1 short sword of speed
 F - the +0 whip of Pain and Death (weapon) {vorpal, rElec Dex+6}
   (You found it on level 8 of the Dungeon)

   It inflicts extra damage upon your enemies.
   It affects your dexterity (+6).
   It insulates you from electricity.
Missiles
 d - 105 arrows
Armour
 m - a +0 chain mail of poison resistance (worn)
Jewellery
 h - an amulet of guardian spirit (around neck)
 k - an uncursed ring of flight
 u - a ring of resist corrosion (right hand)
 x - a ring of see invisible (left hand)
Wands
 b - a wand of clouds (6)
 y - a wand of random effects (22)
 E - a wand of acid (4)
 G - a wand of digging (3)
Scrolls
 e - a scroll of holy word {unknown}
 l - 5 scrolls of teleportation
 n - 2 scrolls of enchant weapon {unknown}
 q - 4 scrolls of remove curse
 s - 3 scrolls of fear
 A - a scroll of amnesia {unknown}
 B - a scroll of blinking {unknown}
 H - a scroll of enchant armour {unknown}
Potions
 c - a potion of haste
 g - 2 potions of mutation
 i - a potion of brilliance
 o - a potion of resistance {unknown}
 p - 3 potions of flight
 r - a potion of invisibility {unknown}
 t - 2 potions of cancellation
 v - a potion of stabbing {unknown}
 z - a potion of berserk rage {unknown}
Comestibles
 f - 11 rations
 j - 5 chunks of flesh


   Skills:
 + Level 7.0 Fighting
 - Level 0.1 Short Blades
 * Level 14.2 Bows
 + Level 6.4 Armour
 + Level 2.8 Dodging
 - Level 0.4 Stealth


You had 9 spell levels left.
You didn't know any spells.
Your spell library contained the following spells:

 Spells                   Type           Power        Failure   Level  Hunger
 Sting                    Tmut/Pois      #...         99%         1    ##.....
 Poisonous Vapours        Pois/Air       #.....       100%        2    ###....
 Confusing Touch          Hex            #.......     100%        3    ####...
 Gell's Gravitas          Tloc           #.........   100%        3    ####...
 Ignite Poison            Fire/Tmut/Pois #.......     100%        3    ####...
 Mephitic Cloud           Conj/Pois/Air  #.......     100%        3    ####...
 Olgreb's Toxic Radiance  Pois           #.......     100%        4    #####..
 Petrify                  Tmut/Erth      #.......     100%        4    #####..
 Metabolic Englaciation   Hex/Ice        #.........   100%        5    ######.
 Yara's Violent Unravell  Hex/Tmut       #.........   100%        5    ######.


Dungeon Overview and Level Annotations

Branches:
Dungeon (10/15)              Lair (0/6) D:10
 Temple: D:4-7          Orc: D:9-12

Altars:
Gozag
Hepliaklqana
Nemelex Xobeh
Ru
Trog
Wu Jian
The Shining One
Beogh


Innate Abilities, Weirdness & Mutations

You have hooves in place of feet.
Armour fits poorly on your strangely shaped body.
You cover ground very quickly.
You have extremely tough skin. (AC +3)


Message History

The basilisk bites you but does no damage.
The basilisk bites you!
* * * LOW HITPOINT WARNING * * *
The basilisk gazes at you. You resist with some effort. The basilisk bites you.
* * * LOW HITPOINT WARNING * * *
The basilisk gazes at you. You resist with some effort.
The basilisk bites you but does no damage.
The basilisk bites you.
* * * LOW HITPOINT WARNING * * *
The basilisk bites you.
The basilisk bites you but does no damage.
The basilisk gazes at you. You resist with some effort.
The basilisk hisses menacingly.
The basilisk bites you.
* * * LOW HITPOINT WARNING * * *
The basilisk bites you!
You die...

..... #+......# #.'..
(P...(....#Y.K....#
###..
.......KPK..###'###
#o. ..(.>...K...#...#
##' .......KP..##.###
#. ......(P..##..# #.
.....)...###.#### ##
#...((####.....# #.
..#.l@l..)..#########.
..###........[.[.)..'.
#.......#########.
#...(...# #. ###.#####
## #..)### ###...#
###.# ######.#########


You could see 2 basilisks.

Vanquished Creatures
  A two-headed ogre (D:9)
  An unseen horror (D:10)
  2 hippogriffs
  A wyvern (D:10)
  2 hungry ghosts
  A phantom (D:10)
  8 orc warriors
  A hornet zombie (D:9)
  2 black bears
  3 ogres
  5 centaurs
  4 bullfrogs
  2 big kobolds
  3 scorpions
  A killer bee (D:10)
  2 howler monkeys (D:7)
  4 hounds
  3 jellies
  7 orc wizards
  2 bullfrog skeletons
  8 orc priests
  A centaur skeleton (D:7)
  2 iguanas
  7 worker ants
  A hound skeleton (D:9)
  16 adders
  An ooze (D:4)
  An adder zombie (D:9)
  A worm (D:2)
  3 dart slugs
  3 leopard geckos
  45 orcs
  2 giant cockroaches
  6 goblins
  6 hobgoblins
  8 jackals
  14 kobolds
  4 quokkas
  A ball python (D:2)
  3 bats
  4 frilled lizards
  A jackal zombie (D:8)
  8 rats
201 creatures vanquished.

Notes
Turn   | Place    | Note
-------+----------+-------------------------------------------
     0 | D:1      | Exodus22XD the Centaur Hunter began the quest for the Orb.
     0 | D:1      | Reached XP level 1. HP: 17/17 MP: 1/1
   255 | D:1      | Reached XP level 2. HP: 24/24 MP: 2/2
   286 | D:1      | Reached skill level 6 in Bows
   932 | D:2      | Reached XP level 3. HP: 8/29 MP: 3/3
  1306 | D:2      | You fall into a shaft and drop 2 floors!
  1666 | D:2      | Reached XP level 4. HP: 34/36 MP: 4/4
  1939 | D:2      | Found a sparkling altar of Nemelex Xobeh.
  1996 | D:2      | Reached skill level 7 in Bows
  2048 | D:2      | Reached skill level 1 in Armour
  2497 | D:3      | Reached XP level 5. HP: 13/42 MP: 2/5
  3261 | D:3      | Reached XP level 6. HP: 42/51 MP: 3/6
  3615 | D:3      | Found an ornate altar of the Wu Jian Council.
  4010 | D:4      | Noticed an orc warrior
  4031 | D:4      | Killed an orc warrior
  4217 | D:4      | Reached skill level 8 in Bows
  4415 | D:4      | Reached XP level 7. HP: 58/58 MP: 7/7
  4456 | D:4      | Found a bloodstained altar of Trog.
  4665 | D:4      | Found a hazy altar of Hepliaklqana.
  4717 | D:4      | Found a sacrificial altar of Ru.
  4720 | D:4      | Found an opulent altar of Gozag.
  4879 | D:4      | You fall into a shaft and drop 3 floors!
  4950 | D:7      | Reached skill level 9 in Bows
  5293 | D:7      | Noticed a hungry ghost
  5355 | D:7      | Reached XP level 8. HP: 63/67 MP: 8/8
  5604 | D:7      | Reached skill level 10 in Bows
  6674 | D:8      | Reached skill level 5 in Fighting
  7100 | D:8      | Reached skill level 5 in Armour
  7108 | D:8      | Reached skill level 11 in Bows
  7108 | D:8      | Reached XP level 9. HP: 61/74 MP: 6/9
  7627 | D:8      | Got a jewelled whip
  7628 | D:8      | Identified the cursed +0 whip of Pain and Death {vorpal,
                  | rElec Dex+6} (You found it on level 8 of the Dungeon)
  7916 | D:9      | Noticed a two-headed ogre
  8122 | D:9      | Reached skill level 12 in Bows
  8235 | D:9      | Killed a two-headed ogre
  8252 | D:9      | Reached skill level 13 in Bows
  9518 | D:9      | Reached XP level 10. HP: 31/84 MP: 6/10
  9972 | D:9      | Found a glowing golden altar of the Shining One.
 10129 | D:10     | Entered Level 10 of the Dungeon
 10229 | D:10     | Noticed an unseen horror
 10266 | D:10     | Killed an unseen horror
 10799 | D:10     | Found a roughly hewn altar of Beogh.
 10835 | D:10     | Reached skill level 14 in Bows
 10956 | D:10     | Noticed an elephant
 10958 | D:10     | Found a staircase to the Lair.
 11656 | D:10     | HP: 3/86 [basilisk (2)]
 11658 | D:10     | Slain by a basilisk

Illustrated notes

Levels and vault maps discovered:
D:1:      dpeg_arrival_ternary, layout_basic
D:2:      layout_loops_ring, nemelex_xobeh_ov_fountains_minmay
D:3:      layout_loops_ring, lemuel_crystal_altar, first_ration,
          minmay_misc_feat_alley
D:4:      layout_rooms, minmay_overflow_temple_star_quad, grunt_qazlal_clouds,
          marbit_many_paths, kennysheep_mini_moat, kennysheep_small_circle
D:7:      layout_loops_ring
D:8:      layout_loops_ring
D:9:      layout_loops_ring, nicolae_overflow_hidden_temple, grunt_pizzeria,
          dk_noncrumbling_2
D:10:     layout_roguey [special_room_orc], david_lair_generic,
          minmay_fractal_squares_diagonal_5

Skill      XL: |  1  2  3  4  5  6  7  8  9 10 |
---------------+-------------------------------+-----
Bows           | 6 7 8 9 11 13 14 | 14.2
Armour         | 1 2 3 5 6 |  6.4
Fighting       | 3 4 5 6 7 |  7.0
Dodging        | 2 |  2.8
Short Blades   | |  0.1
Stealth        | |  0.4

Action                   |  1- 3 |  4- 6 |  7- 9 | 10-12 || total
-------------------------+-------+-------+-------+-------++-------
Melee: Short sword       |    94 |   219 |   269 |       ||   582
       Kick              |    18 |    50 |    90 |    30 ||   188
       Whip              |       |       |    63 |    83 ||   146
 Fire: Shortbow          |       |    26 |   223 |   131 ||   380
Evoke: Wand              |       |       |     1 |       ||     1
  Use: Potion            |     1 |       |     1 |     1 ||     3
       Scroll            |       |     1 |     9 |     1 ||    11
  Eat: Chunk             |     2 |     7 |    15 |     3 ||    27
       Ration            |       |       |     3 |     1 ||     4
Armor: Leather armour    |     3 |       |       |       ||     3
       Scale mail        |    40 |    59 |       |       ||    99
       Chain mail        |       |    58 |   244 |    87 ||   389
Dodge: Dodged            |    39 |    78 |    94 |    41 ||   252
